 Dungeon Crawl Stone Soup version 0.28-a0-1117-g0bdd5ba030 (webtiles) character file.

Game seed: 12593566243923435182

35 bande the Covered (level 3, -2/23 HPs)
             Began as a Gargoyle Fighter on Dec 12, 2021.
             Slain by Sigmund (12 damage)
             ... on level 2 of the Dungeon.
             The game lasted 00:02:59 (1743 turns).

bande the Covered (Gargoyle Fighter)                Turns: 1743, Time: 00:03:00

Health: -2/23      AC: 11    Str: 19    XL:     3   Next: 33%
Magic:  3/3        EV:  9    Int:  8    God:
Gold:   49         SH:  4    Dex: 11    Spells: 2/2 levels left

rFire   + . .      SeeInvis .   a - +0 war axe
rCold   + . .      Faith    .   c - +0 buckler
rNeg    + . .      Spirit   .   b - +0 scale mail
rPois   ∞          Reflect  .   g - +0 helmet
rElec   +          Harm     .   (no cloak)
rCorr   +          Rampage  .   (no gloves)
Will    .....                   (no boots)
Stlth   ..........              (no amulet)
HPRegen 0.07/turn               (no ring)
MPRegen 0.08/turn               (no ring)

@: mighty, resistant
A: sickness immunity, AC +3, negative energy resistance 1, electricity
resistance, torment resistance 1, petrification resistance
a: no special abilities


You were on level 2 of the Dungeon.
You visited 1 branch of the dungeon, and saw 2 of its levels.

You collected 61 gold pieces.
You spent 12 gold pieces at shops.

Inventory:

Hand Weapons
 a - a +0 war axe (weapon)
Armour
 b - a +0 scale mail (worn)
 c - a +0 buckler (worn)
 g - a +0 helmet (worn)
Scrolls
 e - 2 scrolls of immolation
Potions
 d - a potion of might
 f - a potion of berserk rage
 h - a potion of brilliance


   Skills:
 + Level 3.6 Fighting
 + Level 2.4 Axes
 + Level 3.7 Armour
 + Level 3.5 Shields


You had 2 spell levels left.
You didn't know any spells.
Your spell library was empty.

Dungeon Overview and Level Annotations

Branches:
Dungeon (2/15)

Altars:

Shops:
D:1 !

Annotations:
D:2 Sigmund


Innate Abilities, Weirdness & Mutations

You are immune to sickness and miasma.
Your stone body is resilient. (AC +3)
You are immune to poison.
You resist negative energy. (rN+)
You are resistant to electric shocks. (rElec)
You are resistant to unholy torment.
You are immune to petrification.


Message History

You kill the giant cockroach!
No target in view!
No target in view!
No target in view!
Sigmund the Dreaded comes into view.
He is wielding a +7 scythe of venom.
Sigmund is nearby!
Sigmund says, "You will soon forget everything."
Sigmund points at you and mumbles some strange words.
The magic dart hits you.
Sigmund hits you from afar with a +7 scythe of venom.
You feel very mighty all of a sudden.
Sigmund hits you with a +7 scythe of venom.
You slash Sigmund!
Sigmund is severely wounded.
You block Sigmund's attack.
You barely miss Sigmund.
Sigmund is severely wounded.
Sigmund hits you but does no damage.
You slash Sigmund!
Sigmund is almost dead.
Sigmund points at you and mumbles some strange words.
The puff of flame hits you!
* * * LOW HITPOINT WARNING * * *
You closely miss Sigmund.
Sigmund is almost dead.
Sigmund barely misses you.
You barely miss Sigmund.
Sigmund is almost dead.
Sigmund points at you and mumbles some strange words.
You are confused.
You bump into the rock wall.
Sigmund points at you and mumbles some strange words.
You resist with significant effort.
It was a potion of resistance.
You feel protected. Sigmund hits you but does no damage.
It was a potion of curing.
You feel better.
Sigmund hits you with a +7 scythe of venom!
Ouch! That really hurt!
You die...

#... #.## # # .. ##
##############
......@@.....# ##
.###########.# #.
########.#### . ..
............####.##.
########.........##.
#.##.###.###. #.##.#
#.###. #.##.# #.#...
#.##.###.#...


You could see Sigmund.

Vanquished Creatures
  3 endoplasms
  5 giant cockroaches (D:2)
  A goblin (D:1)
  A hobgoblin (D:1)
  5 kobolds
  6 ball pythons (D:2)
  2 frilled lizards
23 creatures vanquished.

Vanquished Creatures (collateral kills)
  An adder (D:2)
1 creature vanquished.

Grand Total: 24 creatures vanquished

Notes
Turn   | Place    | Note
-------+----------+-------------------------------------------
     0 | D:1      | bande the Gargoyle Fighter began the quest for the Orb.
     0 | D:1      | Reached XP level 1. HP: 14/14 MP: 1/1
   373 | D:1      | Found Jaidaw's Distillery.
   379 | D:1      | Bought a potion of degeneration for 12 gold pieces
   507 | D:1      | Reached XP level 2. HP: 10/19 MP: 2/2
  1133 | D:2      | Reached XP level 3. HP: 23/23 MP: 3/3
  1603 | D:2      | Found a faded altar of an unknown god.
  1730 | D:2      | Noticed Sigmund
  1743 | D:2      | Slain by Sigmund

Illustrated notes

Levels and vault maps discovered:
D:1:      dpeg_arrival_oval, layout_basic, serial_shops, shop
D:2:      layout_loops_ring, nicolae_ecumenical_snake_handling, uniq_sigmund

Skill      XL: |  1  2 |
---------------+-------+-----
Axes           | 2 |  2.4
Fighting       | |  3.6
Armour         | |  3.7
Shields        | |  3.5

Action                   || total
-------------------------++-------
Melee: War axe           ||    76
  Use: Scroll            ||     6
       Potion            ||     3
Armor: Scale mail        ||    32
Dodge: Dodged            ||    33
Block: Buckler           ||    16

Table legend: (Time is in decaauts)
 A = Elapsed time spent in this place.
 B = Non-inter-level travel time spent in this place.
 C = Inter-level travel time spent in this place.
 D = Time resting spent in this place.
 E = Time spent auto-exploring this place.
 F = Levels seen in this place.
 G = Mean time per level.
                   A        B        C        D        E       F      G
               +--------+--------+--------+--------+--------+-----+--------+
         Total |   1774 |   1774 |      0 |    200 |   1334 |   2 |  887.0 |
       Dungeon |   1774 |   1774 |      0 |    200 |   1334 |   2 |  887.0 |
               +--------+--------+--------+--------+--------+-----+--------+

Top non-repeatable levels by time:
     D:1: 973 daAuts
     D:2: 800 daAuts
